 Dungeon Crawl Stone Soup version 0.14-a0-2644-gcc8e764 (webtiles) character file.

1465 CrazyArbalest the Bolt Thrower (level 8, -10/56 HPs)
             Began as a Demonspawn Hunter on Feb 16, 2014.
             Was a Follower of Okawaru.
             Killed by divine providence
             ... invoked by an orc priest
              (13 damage)
             ... on Level 6 of the Dungeon.
             The game lasted 00:30:58 (5793 turns).

CrazyArbalest the Bolt Thrower (Demonspawn Hunter)  Turns: 5793, Time: 00:31:00

HP -10/56        AC 10     Str 14      XL: 8   Next: 33%
MP   8/8         EV 13     Int 13      God: Okawaru [*.....]
Gold 148         SH  0     Dex 14      Spells:  0 memorised,  7 levels left

rFire  . . .     SeeInvis .     b - +1 crossbow
rCold  + + .     Clarity  .     F - +3 leather armour {rC+}
rNeg   . . .     Conserve .     (no shield)
rPois  .         rCorr    .     (no helmet)
rElec  .         rRot     .     u - +0 elf cloak
SustAb + .       Spirit   .     (no gloves)
rMut   .         Warding  .     (no boots)
Saprov . . .     Stasis   .     (no amulet)
MR     .....                    (no ring)
                                w - ring of sustain abilities {unknown}

@: confused, exhausted, flying, quite poisoned, slowed, very slow, not resistant
to hostile enchantments, unstealthy
A: talons 1, yellow scales 2, cold resistance 1, conserve potions, powered by
death 1
a: Heroism, Renounce Religion


You were on level 6 of the Dungeon.
You worshipped Okawaru.
Okawaru was aware of your devotion.
You were near starving.

You visited 2 branches of the dungeon, and saw 7 of its levels.

You collected 223 gold pieces.
You spent 75 gold pieces at shops.

Inventory:

Hand weapons
 a - a +1,+2 mace of crushing
 b - a +1,+1 crossbow (weapon)
 D - a +0,+0 mace
 H - a +0,+0 flail
 K - a +1,+0 whip
 O - a +0,+0 whip
Missiles
 c - 59 bolts (quivered)
 p - 3 bolts of flame
Armour
 u - a +0 elven cloak (worn)
 z - a +0 orcish leather armour
 F - a +3 leather armour of cold resistance (worn)
 G - a +1 robe of fire resistance
Magical devices
 s - a wand of cold (12) {unknown}
 E - a wand of lightning (4) {unknown}
Comestibles
 f - 3 bread rations
 j - 2 apples
 A - 10 sultanas
 C - 3 meat rations
 L - a lemon
 N - a pear
 R - 8 grapes
Scrolls
 e - 4 scrolls of teleportation {unknown}
 h - a scroll of curse jewellery {unknown}
 i - a scroll of enchant weapon II {unknown}
 k - a scroll of fog {unknown}
 m - a scroll of curse armour {unknown}
 o - 4 scrolls of magic mapping {unknown}
 q - a scroll of amnesia {unknown}
 t - 2 scrolls of fear {unknown}
 y - 5 scrolls of identify {unknown}
 B - a scroll of random uselessness {unknown}
 J - a scroll of noise {unknown}
 M - a scroll of remove curse {unknown}
 P - a scroll of recharging {unknown}
 Q - a scroll of enchant armour {unknown}
Jewellery
 w - a ring of sustain abilities (left hand) {unknown}
Potions
 d - 3 potions of berserk rage
 g - 2 potions of flight
 n - 3 potions of curing
 r - a potion of might
 v - a potion of heal wounds {unknown}
 x - 2 potions of poison
 I - a potion of agility {unknown}


   Skills:
 + Level 2.1 Fighting
 + Level 1.7 Maces & Flails
 * Level 7.4 Crossbows
 + Level 3.0 Armour
 + Level 4.9 Dodging
 + Level 2.2 Stealth


You had 7 spell levels left.
You didn't know any spells.

Dungeon Overview and Level Annotations

Branches:
Dungeon (6/16)             Temple (1/1) D:5

Altars:
Ashenzari
Cheibriados
Makhleb
Nemelex Xobeh
Okawaru
Trog
Vehumet
Xom
Yredelemnul
Zin

Shops:
D:4 ([![!


Innate Abilities, Weirdness & Mutations

You have sharp toenails.
You are mostly covered in yellow scales (AC +3).
Your flesh is cold resistant.
You are very good at protecting items from cold.
You can steal the life force of nearby defeated enemies.


Message History

You feel a wave of unholy energy pass over you.
The orc closely misses you.
Drink which item? (? for menu, Esc to quit)
That liquid tasted very nasty...
You are poisoned.
It was a potion of poison.
The orc priest completely misses you. The orc misses you.
The orc priest calls down the wrath of Beogh upon you.
Pain shoots through your body!
* * * LOW HITPOINT WARNING * * *
Read which item? (? for menu, Esc to quit)
Okay, then.
Unknown command.
Drink which item? (? for menu, Esc to quit)
You are confused.
It was a potion of confusion.
The orc closely misses you.
The orc priest hits you with an orcish whip!
* * * LOW HITPOINT WARNING * * *
The orc priest invokes the aid of Beogh against you.
Something smites you!
You die...

#.# .((...# # ## #.#
#.(.... #. #. ..#
#.#...# #.##.##.#
#(#.#.# # #.....[.#
#.#(#.##.#...
##.....###.(.(.........
#.......##..o..##.....
#...<.....)ooo.# <
#.......##(.@..#
#......###...(.#
#.#....# ###.###
#.#.##.# ##.## #......#
##...##
###.######.....##
#.#####.......#
##....##...<...#
#......#.......##.#


You could see 2 orc priests and 2 orcs.

Vanquished Creatures
  Grinder (D:3)
  Prince Ribbit (D:4)
  2 ogres
  The ghost of CrazyArbalest the Bolt Thrower, an average DsHu (D:3)
  Sigmund (D:4)
  A giant frog (D:6)
  Blork the orc (D:4)
  2 crimson imps
  A goliath beetle (D:4)
  A gnoll shaman (D:4)
  3 worker ants
  2 orc wizards
  3 gnolls (D:4)
  6 adders
  A gnoll skeleton (D:5)
  An iguana zombie (D:5)
  An ooze (D:1)
  4 orcs (D:3)
  3 giant cockroaches
  12 goblins
  11 hobgoblins
  4 jackals (D:1)
  2 quokkas (D:5)
  7 bats
  7 giant geckos
  4 giant newts
  6 kobolds
  A kobold skeleton (D:4)
  13 rats
  A rat zombie (D:2)
104 creatures vanquished.

Notes
Turn   | Place    | Note
--------------------------------------------------------------
     0 | D:1      | CrazyArbalest, the Demonspawn Hunter, began the quest for the Orb.
     0 | D:1      | Reached XP level 1. HP: 15/15 MP: 1/1
   336 | D:1      | Reached skill level 4 in Crossbows
   341 | D:1      | Gained mutation: Your flesh is cold resistant. [demonic ancestry]
   341 | D:1      | Reached XP level 2. HP: 14/21 MP: 2/2
  1444 | D:1      | Gained mutation: You are partially covered in yellow scales (AC +2). [demonic ancestry]
  1444 | D:1      | Reached XP level 3. HP: 23/26 MP: 3/3
  1812 | D:2      | Found a snail-covered altar of Cheibriados.
  1890 | D:2      | Reached skill level 1 in Armour
  2001 | D:2      | Reached skill level 1 in Stealth
  2752 | D:3      | Gained mutation: You are mostly covered in yellow scales (AC +3). [demonic ancestry]
  2752 | D:3      | Reached XP level 4. HP: 11/32 MP: 4/4
  3064 | D:3      | Noticed Grinder
  3080 | D:3      | Killed Grinder
  3080 | D:3      | Reached skill level 5 in Crossbows
  3080 | D:3      | Reached XP level 5. HP: 24/37 MP: 5/5
  3080 | D:3      | Gained mutation: You can steal the life force of nearby defeated enemies. [demonic ancestry]
  3080 | D:3      | Reached XP level 6. HP: 27/43 MP: 6/6
  3150 | D:3      | Noticed CrazyArbalest's ghost (average DsHu)
  3161 | D:3      | Killed CrazyArbalest's ghost
  3417 | D:3      | Found a sparkling altar of Nemelex Xobeh.
  3716 | D:4      | Noticed Prince Ribbit
  3941 | D:4      | Found Guing's Distillery.
  3988 | D:4      | Reached skill level 1 in Maces & Flails
  3988 | D:4      | Gained mutation: You are very good at protecting items from cold. [demonic ancestry]
  3988 | D:4      | Reached XP level 7. HP: 48/48 MP: 7/7
  4056 | D:4      | Found Ocaj's Distillery.
  4110 | D:4      | Noticed Blork the orc
  4196 | D:4      | Found Frianost's Antique Armour Emporium.
  4203 | D:4      | Bought a glowing leather armour for 56 gold pieces
  4203 | D:4      | Bought a runed robe for 19 gold pieces
  4354 | D:4      | Found Amajean's Armour Shop.
  4506 | D:4      | Found Cead's Weapon Boutique.
  4567 | D:4      | Noticed Sigmund
  4580 | D:4      | Killed Sigmund
  4580 | D:4      | Reached skill level 6 in Crossbows
  4595 | D:4      | Upgraded the game from 0.14-a0-2632-gd2f732a to 0.14-a0-2644-gcc8e764
  4613 | D:5      | Entered Level 5 of the Dungeon
  4621 | D:5      | Found a staircase to the Ecumenical Temple.
  4628 | Temple   | Entered the Ecumenical Temple
  4645 | Temple   | Became a worshipper of Warmaster Okawaru
  5040 | D:5      | Found a bloodstained altar of Trog.
  5394 | D:4      | Killed Prince Ribbit
  5394 | D:4      | Gained mutation: You have sharp toenails. [demonic ancestry]
  5394 | D:4      | Reached XP level 8. HP: 43/56 MP: 8/8
  5510 | D:4      | Killed Blork the orc
  5681 | D:6      | Reached skill level 7 in Crossbows
  5763 | D:6      | Acquired Okawaru's first power
  5793 | D:6      | Killed from afar by an orc priest

Action                   |  1- 3 |  4- 6 |  7- 9 || total
-------------------------+-------+-------+-------++-------
Melee: Short sword       |   128 |       |       ||   128
       Whip              |   124 |     7 |       ||   131
       Mace              |       |    28 |    86 ||   114
 Fire: Crossbow          |     4 |    26 |    79 ||   109
  Use: Potion            |       |       |     5 ||     5
 Stab: Sleeping          |       |       |     2 ||     2
